AoeStats
← Der Sprudel

Golden Pit

507247169Analyzed
1v1 RM · 14d ago on Sep 17, 2026· 50m 5s· 2 players
Game mode
Random Map
Map size
Tiny (2 player)
Population
200
Speed
Normal
Resources
Standard
Victory
Conquest
Starting age
Dark Age
Ending age
Imperial Age
RankedLock teamsTeams togetherTeam positionsShared explorationLock speedFull tech treeHidden civsTurbo modeCheats
Victory
Defeat
🇬🇧 Malay · United Kingdom
1260
+15
🇩🇪 Ethiopians · Germany
1247
-15
Der Sprudel
7:30 Loom
9:30 Feudal Age
10:26 Double-Bit Axe
15:21 Padded Archer Armor
21:30 Castle Age
20:39 Fletching
22:16 Bodkin Arrow
21:45 Crossbowman
23:59 Horse Collar
30:40 Bow Saw
31:48 Scale Mail Armor
32:03 Scale Barding Armor
35:12 Heavy Plow
36:04 Forging
38:11 Wheelbarrow
37:22 Town Watch
39:00 Chain Mail Armor
39:35 Hand Cart
39:22 Gold Mining
39:27 Stone Mining
42:05 Thumb Ring
45:26 Imperial Age
43:46 Iron Casting
45:06 Gold Shaft Mining
45:08 Stone Shaft Mining
44:01 Light Cavalry
44:42 Husbandry
45:57 Arbalester
47:09 Plate Mail Armor
48:05 Chain Barding Armor
50:01 Blast Furnace
49:02 Bracer
Gold Eagle
9:36 Feudal Age
9:28 Man-at-Arms
10:30 Arson
11:52 Double-Bit Axe
13:12 Loom
21:26 Castle Age
21:23 Bow Saw
22:14 Fletching
23:15 Gold Mining
23:34 Bodkin Arrow
23:28 Horse Collar
25:35 Elite Skirmisher
38:15 Imperial Age
38:22 Stone Mining
38:25 Gold Mining
39:21 Conscription
39:45 Murder Holes
40:21 Ballistics
40:59 Bracer
43:19 Forging
43:16 Scale Barding Armor
46:32 Padded Archer Armor
49:14 Iron Casting
49:00 Forced Levy
48:43 Long Swordsman
Connection lost

Rejoining the realm…

Still unreachable

The connection could not be restored.

Session expired

The server has moved on; the page needs a fresh start.